 Dungeon Crawl Stone Soup version 0.29-a0-648-g6b26cc9f40 (webtiles) character file.

Game seed: 16753778996032801707

12908 Essalna the Covert (level 11, 0/53 HPs)
             Began as a Spriggan Enchanter on June 20, 2022.
             Was an Elder of Dithmenos.
             Killed from afar by an electric eel (12 damage)
             ... with a bolt of electricity
             ... on level 1 of the Lair of Beasts.
             The game lasted 00:45:33 (15805 turns).

Essalna the Covert (Spriggan Enchanter)            Turns: 15805, Time: 00:45:34

Health: 0/53       AC:  5    Str:  4    XL:     11   Next: 68%
Magic:  0/22       EV: 31    Int: 21    God:    Dithmenos [****..]
Gold:   427        SH:  0    Dex: 28    Spells: 15/23 levels left

rFire   + . .      SeeInvis +   K - +2 dagger (speed)
rCold   . . .      Faith    .   (no shield)
rNeg    . . .      Spirit   +   N - +2 robe {rF+}
rPois   .          Reflect  .   (helmet restricted)
rElec   .          Harm     .   S - +0 cloak
rCorr   .          Rampage  .   (gloves unavailable)
Will    +....                   (boots unavailable)
Stlth   +++++.....              l - amulet of guardian spirit
HPRegen 0.17/turn               G - +6 ring of dexterity
MPRegen 0.18/turn               n - +6 ring of dexterity

@: wreathed by umbra, slow
A: very small, no large weapons, unfitting armour, see invisible, speed 3
a: Renounce Religion, Shadow Step


You were on level 1 of the Lair of Beasts.
You worshipped Dithmenos.
Dithmenos was greatly pleased with you.
You visited 3 branches of the dungeon, and saw 13 of its levels.
You also visited: Bailey.

You collected 427 gold pieces.

Inventory:

Hand Weapons
 a - a +1 vorpal dagger
 w - the +1 falchion of Seiprote {vorpal, Str+3}
   (You found it on level 5 of the Dungeon)

   It inflicts extra damage upon your enemies.
   Str:       It affects your strength (+3).
 A - a +0 short sword of venom
 K - a +2 dagger of speed (weapon)
Missiles
 q - 18 boomerangs (quivered)
 z - 2 curare-tipped darts
 R - 6 atropa-tipped darts
Armour
 b - a +0 robe
 N - a +2 robe of fire resistance (worn)
 O - a +0 troll leather armour
 S - a +0 cloak (worn)
Magical Staves
 t - a staff of cold
Jewellery
 g - a +6 ring of strength
 l - an amulet of guardian spirit (around neck)
 n - a +6 ring of dexterity (right hand)
 u - a ring of magical power
 E - an amulet of the acrobat
 G - a +6 ring of dexterity (left hand)
Wands
 p - a wand of acid (4)
 D - a wand of digging (3)
 I - a wand of charming (13)
 J - a wand of flame (8)
 M - a wand of mindburst (5)
 Q - a wand of iceblast (8)
Scrolls
 h - 3 scrolls of brand weapon
 i - 2 scrolls of fear
 r - 2 scrolls of poison
 y - 2 scrolls of fog
 C - 12 scrolls of identify
 F - 2 scrolls of enchant weapon {unknown}
 H - 2 scrolls of blinking {unknown}
 L - a scroll of vulnerability {unknown}
 P - 2 scrolls of teleportation
Potions
 c - 2 potions of invisibility
 d - 4 potions of attraction {unknown}
 e - 5 potions of curing {unknown}
 f - 6 potions of heal wounds
 j - 6 potions of flight
 k - 3 potions of brilliance {unknown}
 m - 2 potions of cancellation {unknown}
 o - 2 potions of might {unknown}
 s - 2 potions of mutation {unknown}
 v - a potion of magic {unknown}
 x - a potion of ambrosia
 B - 3 potions of degeneration {unknown}


   Skills:
 + Level 4.2 Fighting
 + Level 9.6 Short Blades
 + Level 11.7 Dodging
 + Level 14.1 Stealth
 + Level 6.9 Spellcasting
 + Level 11.0 Hexes


You had 15 spell levels left.
You knew the following spells:

 Your Spells              Type           Power      Damage    Failure   Level
a - Ensorcelled Hibernat  Hex/Ice        60%        N/A       1%          2
b - Confusing Touch       Hex            52%        N/A       1%          3
c - Tukima's Dance        Hex            52%        N/A       1%          3

Your spell library contained the following spells:

 Spells                   Type           Power      Damage    Failure   Level
 Dazzling Flash           Conj/Hex       60%        N/A       2%          3
 Portal Projectile        Hex/Tloc       60%        N/A       2%          3
 Sandblast                Erth           14%        2d6       9%          1
 Passwall                 Tmut/Erth      5%         N/A       14%         2
 Swiftness                Air            7%         N/A       26%         3
 Animate Armour           Summ/Erth      14%        N/A       65%         4
 Animate Dead             Necr           7%         N/A       65%         4
 Corpse Rot               Necr/Pois/Air  7%         N/A       65%         4
 Blade Hands              Tmut           3%         N/A       94%         5
 Borgnjor's Vile Clutch   Necr/Erth      3%         N/A       94%         5
 Iskenderun's Battlesphe  Conj           7%         2d6       94%         5
 Death Channel            Necr           3%         N/A       100%        6
 Iron Shot                Conj/Erth      3%         9d2       100%        6
 Spellforged Servitor     Conj/Summ      3%         N/A       100%        7


Dungeon Overview and Level Annotations

Branches:
Dungeon (11/15)            Temple (1/1) D:7            Lair (1/6) D:10
 Bailey (visited)
    Orc: D:9-12

Altars:
Ashenzari
Dithmenos
Elyvilon
Fedhas
Gozag
Hepliaklqana
Kikubaaqudgha
Makhleb
Nemelex Xobeh
Okawaru
Qazlal
Ru
Sif Muna
Trog
Uskayaw
Vehumet
Wu Jian
Xom
Yredelemnul
Zin
The Shining One

Annotations:
D:8 2 transporters


Innate Abilities, Weirdness & Mutations

You are very small and have problems with some larger weapons.
You are too small for most types of armour.
You have supernaturally acute eyesight. (SInv)
You cover ground extremely quickly. (Speed+++)


Message History

The electric eel struggles to resist.
The electric eel shoots out a bolt of lightning at you!
The bolt of electricity hits the electric eel.
The electric eel completely resists.
The bolt of electricity hits you!
The electric eel shoots out a bolt of lightning at you!
The bolt of electricity hits you!
Casting: Ensorcelled Hibernation (safe; 1% risk of failure)
Confirm with . or Enter, or press ? or * to list all spells.
Aiming: Ensorcelled Hibernation (safe; 1% risk of failure)
Press: ? - help, Shift-Dir - straight line, f/p - electric eel
Aim: an electric eel (umbra, chance to affect: 68%)
The electric eel looks drowsy...
Your shadow mimicks your spell!
The electric eel is unaffected.
You are too injured to fight recklessly!
You are too injured to fight recklessly!
You see here an electric eel corpse.
Casting: Ensorcelled Hibernation (safe; 1% risk of failure)
Confirm with . or Enter, or press ? or * to list all spells.
Your hands begin to glow red.
A nearby plant withers and dies.
The electric eel shoots out a bolt of lightning at you!
The bolt of electricity hits you.
Your unstable footing causes you to fumble your attack.
Your unstable footing causes you to fumble your attack.
The electric eel shoots out a bolt of lightning at you!
The bolt of electricity hits the electric eel.
The electric eel completely resists.
The bolt of electricity hits you!
Your magical contamination has completely faded away.
You hit the electric eel but do no damage.
The electric eel appears confused.
You strike the helpless electric eel from behind!
You perforate the electric eel like a sieve!!!
You kill the electric eel!
Dithmenos accepts your kill.
The electric eel shoots out a bolt of lightning at you!
The bolt of electricity hits you!
* * * LOW HITPOINT WARNING * * *
The electric eel shoots out a bolt of lightning at you!
The bolt of electricity hits you!
You die...

................#.#
..........# ...#.#
..........###+#.#<#
.............$....#
...P#+#†#..#≈....♣♣♣
.#.........≈≈≈P≈≈P≈♣♣♣
#..........≈PPP≈≈≈PP♣
............≈≈≈≈≈P≈≈≈≈≈
.#.........≈@≈†≈S≈≈≈≈≈P
.............≈≈≈≈≈≈≈≈≈P
..######.....P≈≈≈≈≈≈≈≈P
.. .......≈PP≈≈≈≈≈≈≈
###...≈≈≈≈≈≈≈≈≈≈≈
......≈≈≈≈≈≈≈≈≈≈
.#....≈P≈P≈≈P≈≈≈≈
##...P≈≈≈≈≈P≈≈≈♣


You could see an electric eel.

Vanquished Creatures
  A two-headed ogre (D:10)
  2 orc knights
  A deep elf pyromancer (D:9)
  An orc sorcerer (D:9)
  A gargoyle (D:10)
  A kobold demonologist (D:9)
  3 trolls (D:10)
  3 hornets
  2 shadows
  A wyvern (D:8)
  21 yaks
  3 vampire mosquitoes (D:10)
  A steam dragon (D:9)
  2 water moccasins
  9 orc warriors
  A sky beast (D:7)
  4 black bears
  2 ice beasts
  An ogre (D:6)
  3 wolves (D:10)
  3 kobold brigands
  3 bullfrogs
  A gnoll sergeant (D:10)
  3 scorpions
  7 killer bees
  3 howler monkeys (D:7)
  4 electric eels
  2 vampire bats (D:9)
  9 hounds
  7 orc priests
  5 iguanas
  2 jellies (D:6)
  2 gnoll shamans (D:7)
  15 orc wizards
  27 gnolls
  8 adders
  4 white imps
  A dart slug (D:2)
  47 orcs
  9 ball pythons
  11 bats
  10 endoplasms
  2 giant cockroaches
  14 goblins
  9 hobgoblins
  10 jackals
  3 quokkas
  4 frilled lizards
  17 kobolds
  3 rats
308 creatures vanquished.

Vanquished Creatures (collateral kills)
  A gnoll (D:6)
1 creature vanquished.

Vanquished Creatures (others)
  A dancing weapon (D:6)
  8 fungi (D:4)
  10 plants
19 creatures vanquished.

Grand Total: 328 creatures vanquished

Notes
Turn   | Place    | Note
-------+----------+-------------------------------------------
     0 | D:1      | Essalna the Spriggan Enchanter began the quest for the Orb.
     0 | D:1      | Reached XP level 1. HP: 9/9 MP: 5/5
   327 | D:1      | Reached XP level 2. HP: 12/13 MP: 6/6
   330 | D:1      | Learned a level 2 spell: Ensorcelled Hibernation
  1122 | D:2      | Reached skill level 5 in Stealth
  1217 | D:2      | Reached XP level 3. HP: 16/16 MP: 5/8
  1263 | D:2      | Learned a level 3 spell: Confusing Touch
  2501 | D:3      | Reached XP level 4. HP: 21/21 MP: 9/9
  2505 | D:3      | Learned a level 3 spell: Tukima's Dance
  2550 | D:3      | Found a faded altar of an unknown god.
  3163 | D:3      | Found a hazy altar of Hepliaklqana.
  3280 | D:3      | Reached XP level 5. HP: 24/24 MP: 7/10
  3520 | D:3      | Reached skill level 6 in Stealth
  4140 | D:4      | Reached skill level 5 in Hexes
  4155 | D:4      | Reached XP level 6. HP: 28/28 MP: 11/11
  4561 | D:4      | Found a blossoming altar of Fedhas.
  4638 | D:4      | Reached skill level 5 in Dodging
  4800 | D:5      | Entered Level 5 of the Dungeon
  5014 | D:4      | Reached skill level 7 in Stealth
  5568 | D:5      | Identified the +1 falchion of Seiprote {vorpal, Str+3}
  5671 | D:5      | Reached XP level 7. HP: 32/32 MP: 9/12
  5917 | D:5      | You fall into a shaft and drop 2 floors!
  5919 | D:7      | Found a staircase to the Ecumenical Temple.
  5933 | Temple   | Entered the Ecumenical Temple
  6146 | Temple   | Became a worshipper of Dithmenos the Shadowed
  6326 | D:7      | Found a flagged portal.
  6335 | Bailey   | Entered a bailey
  6367 | Bailey   | Noticed an orc knight
  6677 | Bailey   | Killed an orc knight
  6678 | Bailey   | Reached skill level 5 in Short Blades
  6678 | Bailey   | Reached skill level 8 in Stealth
  6678 | Bailey   | Reached XP level 8. HP: 21/36 MP: 9/13
  6965 | Bailey   | Reached skill level 9 in Stealth
  7626 | D:7      | Reached skill level 10 in Stealth
  7720 | D:7      | Reached * piety under Dithmenos
  7726 | D:7      | Identified the +7 quarterstaff of Reinforcement {speed,
                  | rN+}
  7894 | D:7      | Reached XP level 9. HP: 39/39 MP: 14/14
  8806 | D:6      | Reached skill level 11 in Stealth
  9517 | D:5      | Reached ** piety under Dithmenos
 11300 | D:7      | Reached XP level 10. HP: 39/44 MP: 12/15
 11719 | D:8      | Reached skill level 1 in Fighting
 11838 | D:7      | Reached skill level 12 in Stealth
 12135 | D:8      | Found a transporter.
 12140 | D:8      | Found a transporter.
 12273 | D:8      | Reached skill level 10 in Dodging
 12275 | D:8      | Reached *** piety under Dithmenos
 13234 | D:9      | Reached skill level 10 in Hexes
 13306 | D:9      | Reached skill level 5 in Spellcasting
 13480 | D:9      | Noticed a skeletal warrior
 13480 | D:9      | Noticed a purple ugly thing
 13496 | D:9      | Noticed a deep elf zephyrmancer
 13500 | D:9      | Noticed an orc sorcerer
 13502 | D:9      | Noticed a deep elf pyromancer
 13533 | D:9      | Killed an orc sorcerer
 13534 | D:9      | Reached skill level 13 in Stealth
 13752 | D:9      | Killed a deep elf pyromancer
 13753 | D:9      | Reached XP level 11. HP: 52/52 MP: 15/20
 13902 | D:10     | Entered Level 10 of the Dungeon
 13909 | D:10     | Found a staircase to the Lair.
 14120 | D:10     | Noticed a two-headed ogre
 14125 | D:10     | Killed a two-headed ogre
 14369 | D:10     | Got Itomaxto's Almanac of the Rocks and Envenoming
 14431 | D:10     | Reached **** piety under Dithmenos
 14787 | D:10     | Noticed a sun demon
 15043 | D:9      | Noticed an orc knight
 15062 | D:9      | Killed an orc knight
 15336 | D:10     | Reached skill level 14 in Stealth
 15686 | Lair:1   | Entered Level 1 of the Lair of Beasts
 15805 | Lair:1   | Killed from afar by an electric eel

Illustrated notes

Levels and vault maps discovered:
D:1:      elethiomel_arrival_infinity_welcomes_careful_drivers,
          layout_loops_cross, minmay_tripent
D:2:      minmay_diamond_boxcup, layout_loops_ring,
          chequers_serial_rivers_small_b
D:3:      layout_rooms, lemuel_crystal_altar, basic_ecumenical_altar
D:4:      layout_loops_corners, fedhas_altar_3
D:5:      layout_cave_pods, kennysheep_generic_room_6
D:6:      layout_basic, minivault_19, dk_noncrumbling_3, minivault_25,
          minmay_misc_feat_roman
D:7:      cheibrodos_barr_body, layout_cave_pods, minmay_temple_entry_waves,
          enter_bailey_3
D:8:      layout_loops_ring, gammafunk_ghost_hive,
          hangedman_abyss_or_decor_stagger, minmay_liquid_box
D:9:      minmay_the_grid_plus_closed [minmay_the_grid_medium_cups,
          minmay_the_grid_tree, minmay_the_grid_tri_star,
          minmay_the_grid_armoury, minmay_the_grid_prize_inner_circle],
          layout_rooms, roderic_batcave
D:10:     layout_long_grid, erik_lair_island, david_orc_1_choice
D:11:     layout_layer_cave
Temple:   mainiacjoe_temple_big_plus
Lair:1:   layout_chaotic_city, gammafunk_ghost_abyssal_escape,
          serial_bayou_shore_a

Skill      XL: |  1  2  3  4  5  6  7  8  9 10 11 |
---------------+----------------------------------+-----
Dodging        | 3 4 5 6 8 9 10 11 | 11.7
Hexes          | 4 5 6 7 9 10 11 | 11.0
Stealth        | 5 6 7 8 10 11 13 14 | 14.1
Short Blades   | 2 3 4 5 6 7 8 9 |  9.6
Spellcasting   | 3 5 6 |  6.9
Fighting       | 3 4 |  4.2

Action                   |  1- 3 |  4- 6 |  7- 9 | 10-12 || total
-------------------------+-------+-------+-------+-------++-------
Melee: Dagger            |   127 |    85 |   233 |   304 ||   749
       Punch             |       |     1 |     3 |     6 ||    10
Throw: Dart              |       |     9 |     3 |       ||    12
       Boomerang         |       |       |    16 |       ||    16
 Cast: Ensorcelled Hiber |    16 |    50 |    93 |   111 ||   270
       Confusing Touch   |       |       |     9 |    19 ||    28
       Tukima's Dance    |       |       |     3 |       ||     3
  Use: Scroll            |       |     6 |     3 |       ||     9
 Stab: Sleeping          |    22 |    33 |    57 |    71 ||   183
       Confused          |       |       |     7 |    15 ||    22
       Distracted        |       |       |       |     3 ||     3
Armor: Robe              |    11 |     4 |    10 |     9 ||    34
Dodge: Dodged            |    93 |    59 |   200 |   202 ||   554

Table legend: (Time is in decaauts)
 A = Elapsed time spent in this place.
 B = Non-inter-level travel time spent in this place.
 C = Inter-level travel time spent in this place.
 D = Time resting spent in this place.
 E = Time spent auto-exploring this place.
 F = Levels seen in this place.
 G = Mean time per level.
                   A        B        C        D        E       F      G
               +--------+--------+--------+--------+--------+-----+--------+
         Total |  12122 |  11582 |    540 |    473 |   8580 |  14 |  865.9 |
       Dungeon |  10951 |  10552 |    399 |    473 |   7943 |  11 |  995.5 |
        Temple |    155 |     14 |    141 |      0 |      0 |   1 |  155.0 |
          Lair |    104 |    104 |      0 |      0 |     70 |   1 |  104.0 |
        Bailey |    911 |    911 |      0 |      0 |    566 |   1 |  911.0 |
               +--------+--------+--------+--------+--------+-----+--------+

Top non-repeatable levels by time:
     D:7: 1545 daAuts
     D:6: 1529 daAuts
     D:2: 1349 daAuts
     D:3: 1183 daAuts
     D:9: 1153 daAuts
     D:4: 942 daAuts
  Bailey: 911 daAuts
     D:5: 839 daAuts
    D:10: 815 daAuts
     D:1: 719 daAuts
     D:8: 638 daAuts
    D:11: 233 daAuts
  Temple: 155 daAuts
  Lair:1: 104 daAuts
